[Event "Titled Tuesday Blitz October 11 Late 2022"]
[White "Donchenko, Alexander"]
[Black "Danielyan, Vahe"]
[WhiteFideId "24603295"]
[BlackFideId "13304828"]
[WhiteElo "2572"]
[BlackElo "2421"]
[Result "1/2-1/2"]
[Round "02"]
[TimeControl "180+1"]
[Date "2022.10.11"]
[WhiteClock "0:00:09"]
[BlackClock "0:00:14"]

1. Nf3 b6 2. g3 Bb7 3. Bg2 Nf6 4. O-O g6 5. d4 Bg7 6. c4 O-O 7. d5 b5 8. cxb5 Bxd5 9. Nc3 Bb7 10. Qc2 a6 11. Rd1 axb5 12. Nxb5 Na6 13. Bg5 d6 14. a3 c5 15. Nc3 Nc7 16. e4 Qc8 17. e5 dxe5 18. Nxe5 Bxg2 19. Kxg2 Qe6 20. Bxf6 Bxf6 21. Nd7 Rfd8 22. Nxf6+ Qxf6 23. Rxd8+ Rxd8 24. Rd1 Qc6+ 25. Kg1 Rd4 26. Qe2 Ne6 27. h4 Rxd1+ 28. Qxd1 Nd4 29. Qd3 f5 30. Qe3 e5 31. Qd3 Nf3+ 32. Kf1 Nd4 33. Qc4+ Kg7 34. Qd5 Qa6+ 35. Kg2 Qc6 36. a4 Kf6 37. a5 Qxd5+ 38. Nxd5+ Ke6 39. a6 Nc6 40. Nc7+ Kd7 41. Nb5 Kc8 42. h5 gxh5 43. Kh3 Nd4 44. Nd6+ Kb8 45. Nb7 Ne6 46. Na5 Ka7 47. Nc6+ Kxa6 48. Nxe5 Kb5 49. Kh4 Kb4 50. Kxh5 Kb3 51. Kh6 c4 52. Kxh7 Nc5 53. Kg6 Nd3 54. Nxc4 Kxc4 55. f4 Kd5 56. Kxf5 Nxb2 57. g4 Kd6 58. Kf6 Nd3 59. f5 Ne5 60. g5 Ng4+ 61. Kf7 Ke5 62. f6 Kf5 63. Kg7 Ne5 64. Kh6 Ke6 65. Kh7 Kf7 66. Kh8 Ng6+ 67. Kh7 Ne5 68. Kh6 Ng6 69. Kh5 Nf8 70. Kg4 Ng6 71. Kf5 Nf8 72. Kg4 Ng6 73. Kf5 Nf8 74. Kg4 1/2-1/2


[Site "https://www.chess.com"]

[Event "Titled Tuesday Blitz October 11 Late 2022"]
[White "Dubov, Daniil"]
[Black "Issani, Nameer"]
[WhiteFideId "24126055"]
[BlackFideId "2619130"]
[WhiteElo "2791"]
[BlackElo "2648"]
[Result "1-0"]
[Round "02"]
[TimeControl "180+1"]
[Date "2022.10.11"]
[WhiteClock "0:00:53"]
[BlackClock "0:00:23"]

1. d4 Nf6 2. Nf3 e6 3. c4 Bb4+ 4. Nbd2 O-O 5. g3 d6 6. Bg2 Nbd7 7. O-O Bxd2 8. Nxd2 e5 9. dxe5 dxe5 10. Qc2 Re8 11. Rd1 Qe7 12. b3 e4 13. Nf1 Nf8 14. Ne3 Ng6 15. Bb2 c6 16. Qc3 Be6 17. Bxe4 Rad8 18. Bf3 Bh3 19. a4 h5 20. a5 a6 21. Rd4 h4 22. Rad1 hxg3 23. hxg3 Ne5 24. Rxd8 Nxf3+ 25. exf3 Rxd8 26. Rxd8+ Qxd8 27. g4 Qd6 28. Qe5 Qd2 29. Qb8+ Kh7 30. Bxf6 Qe1+ 31. Kh2 Qxf2+ 32. Kxh3 Qxf3+ 33. Qg3 Qh1+ 34. Qh2 Qf3+ 35. Qg3 Qh1+ 36. Qh2 Qf3+ 37. Kh4 gxf6 38. Nf5 Kg6 39. Qd2 Qh1+ 40. Kg3 Qg1+ 41. Qg2 Qe1+ 42. Qf2 Qe5+ 43. Kg2 Qe4+ 44. Qf3 Qc2+ 45. Kh3 Qc1 46. Qe3 Qh1+ 47. Kg3 c5 48. Qxc5 Qe1+ 49. Qf2 Qe5+ 50. Qf4 Qe1+ 51. Kg2 Qe2+ 52. Kh3 Qd3+ 53. Kh4 1-0


[Site "https://www.chess.com"]

[Event "Titled Tuesday Blitz October 11 Late 2022"]
[White "Eisa Mohmood, Alkhoori"]
[Black "Sztokbant, Bernardo Vainzoff"]
[WhiteFideId "9316116"]
[BlackFideId "2115956"]
[WhiteElo "1245"]
[BlackElo "2171"]
[Result "1-0"]
[Round "02"]
[TimeControl "180+1"]
[Date "2022.10.12"]
[WhiteClock "0:01:03"]
[BlackClock "0:00:03"]

1. e4 c5 2. Nf3 b6 3. d4 cxd4 4. Nxd4 Bb7 5. Nc3 Nc6 6. Bf4 Rc8 7. Nxc6 Bxc6 8. Ba6 Ra8 9. Nd5 d6 10. Qd4 e5 11. Qc4 Qd7 12. Be3 Ne7 13. Nb4 b5 14. Qe2 Rb8 15. a4 bxa4 16. c3 Bxe4 17. O-O Nf5 18. Bxa7 Rxb4 19. cxb4 Qxa7 20. Qxe4 Qxa6 21. Qxf5 Be7 22. Rfc1 O-O 23. Qd7 Bf6 24. b5 Qa5 25. b3 a3 26. Rc8 g6 27. Rxf8+ Kxf8 28. Qxd6+ Kg7 29. Qxa3 Qxb5 30. Qa4 Qe2 31. Qc4 Qd2 32. Qe4 Qc3 33. Rb1 Qd2 34. b4 Qc3 35. b5 Bd8 36. Qb4 Bb6 37. Qxc3 1-0


[Site "https://www.chess.com"]

[Event "Titled Tuesday Blitz October 11 Late 2022"]
[White "Erdogdu, Mert"]
[Black "Stork, Oliver"]
[WhiteFideId "6301495"]
[BlackFideId "12955728"]
[WhiteElo "2413"]
[BlackElo "2239"]
[Result "1-0"]
[Round "02"]
[TimeControl "180+1"]
[Date "2022.10.12"]
[WhiteClock "0:01:57"]
[BlackClock "0:01:17"]

1. e4 c5 2. Nf3 e6 3. d4 cxd4 4. Nxd4 Nf6 5. Nc3 Nc6 6. Ndb5 d6 7. Bf4 e5 8. Bg5 a6 9. Na3 b5 10. Nd5 Be7 11. Bxf6 Bxf6 12. c4 b4 13. Nc2 a5 14. b3 g6 15. g3 Bg7 16. h4 h5 17. Bg2 O-O 18. O-O Be6 19. Qd3 Nb8 20. a3 bxa3 21. Nxa3 Na6 22. Rfd1 Nc5 23. Qe3 a4 24. bxa4 Rxa4 25. Rab1 Qa8 26. Nb5 Rxc4 27. Nb6 Rxe4 28. Nxa8 Rxe3 29. fxe3 Rxa8 30. Bxa8 1-0


[Site "https://www.chess.com"]

[Event "Titled Tuesday Blitz October 11 Late 2022"]
[White "Ernst, Sipke"]
[Black "Ibarra Jerez, Jose Carlos"]
[WhiteFideId "1004689"]
[BlackFideId "2226332"]
[WhiteElo "2438"]
[BlackElo "2627"]
[Result "0-1"]
[Round "02"]
[TimeControl "180+1"]
[Date "2022.10.11"]
[WhiteClock "0:00:06"]
[BlackClock "0:00:25"]

1. d4 Nf6 2. c4 d6 3. Nc3 e5 4. e3 Nbd7 5. Nf3 g6 6. Be2 Bg7 7. O-O O-O 8. Qc2 Re8 9. Rd1 e4 10. Nd2 Nf8 11. Ndxe4 Nxe4 12. Nxe4 Bf5 13. Bd3 Qh4 14. Ng3 Bg4 15. f3 Bd7 16. Bf1 Ne6 17. Qf2 c5 18. dxc5 Nxc5 19. e4 Ba4 20. Rxd6 b6 21. Be3 Be5 22. Rd2 Rac8 23. Rc1 Ne6 24. b3 Bc6 25. b4 f5 26. exf5 gxf5 27. f4 Nxf4 28. Nxf5 Ne2+ 29. Bxe2 Qxh2+ 30. Kf1 Rf8 31. Bg4 Rce8 32. g3 Qh1+ 33. Qg1 Qe4 34. Qf2 Qh1+ 35. Qg1 Qe4 36. Qf2 Kh8 37. Qe2 Rxf5+ 38. Bxf5 Qxf5+ 39. Qf2 Qh3+ 40. Ke1 Bxg3 0-1


[Site "https://www.chess.com"]

[Event "Titled Tuesday Blitz October 11 Late 2022"]
[White "Ezat, Mohamed"]
[Black "Schrik, Rachid"]
[WhiteFideId "10600906"]
[BlackFideId "1009818"]
[WhiteElo "2386"]
[BlackElo "2098"]
[Result "1-0"]
[Round "02"]
[TimeControl "180+1"]
[Date "2022.10.12"]
[WhiteClock "0:00:09"]
[BlackClock "0:00:02"]

1. d4 Nf6 2. Nf3 e6 3. c4 b6 4. a3 d5 5. Nc3 Bb7 6. cxd5 exd5 7. Qa4+ c6 8. Bg5 Be7 9. e3 O-O 10. Bd3 Nbd7 11. O-O c5 12. Bb5 a6 13. Bxd7 Nxd7 14. Bxe7 Qxe7 15. dxc5 bxc5 16. Qf4 Nf6 17. Rfd1 Rfe8 18. b4 d4 19. exd4 cxb4 20. axb4 Bxf3 21. Qxf3 Qxb4 22. h3 Rad8 23. d5 a5 24. Ra4 Qc5 25. Rda1 Nxd5 26. Ne4 Qe7 27. Ng3 g6 28. Rxa5 Qe6 29. Ra7 Qf6 30. Qb3 Nf4 31. Kh2 Re7 32. Qf3 Rxa7 33. Rxa7 Nd5 34. Qe2 Qd6 35. Qf3 Qf6 36. Qe2 Qd6 37. h4 Qf6 38. Qg4 h5 39. Nxh5 Qxf2 40. Ng3 Qf6 41. h5 Nf4 42. h6 Kh7 43. Ne4 Qe5 44. Ng5+ 1-0


[Site "https://www.chess.com"]

[Event "Titled Tuesday Blitz October 11 Late 2022"]
[White "Fedoseev, Vladimir"]
[Black "Machidon, Cristi"]
[WhiteFideId "24130737"]
[BlackFideId "13904590"]
[WhiteElo "2726"]
[BlackElo "2312"]
[Result "1-0"]
[Round "02"]
[TimeControl "180+1"]
[Date "2022.10.11"]
[WhiteClock "0:00:18"]
[BlackClock "0:00:32"]

1. e4 c6 2. d3 d5 3. Nd2 e5 4. Ngf3 Bd6 5. d4 exd4 6. exd5 cxd5 7. Nxd4 Ne7 8. N2f3 Nbc6 9. Bd3 O-O 10. O-O Ng6 11. c3 Bg4 12. Qb3 Qd7 13. Re1 Rfe8 14. Bd2 a6 15. Rxe8+ Rxe8 16. Re1 Rxe1+ 17. Bxe1 Na5 18. Qc2 Nc4 19. h3 Be6 20. Ng5 Nce5 21. Be2 Nf8 22. Ndxe6 fxe6 23. f4 Nf7 24. Nxf7 Qxf7 25. g3 e5 26. fxe5 Bxe5 27. c4 Bd4+ 28. Kg2 Nd7 29. Qd2 Qf6 30. cxd5 Bxb2 31. Bg4 Nc5 32. d6 Be5 33. Qd5+ 1-0


[Site "https://www.chess.com"]

[Event "Titled Tuesday Blitz October 11 Late 2022"]
[White "Fernandez De La Vara, Arnaldo"]
[Black "Van Foreest, Jorden"]
[WhiteFideId "3518388"]
[BlackFideId "1039784"]
[WhiteElo "2387"]
[BlackElo "2649"]
[Result "0-1"]
[Round "02"]
[TimeControl "180+1"]
[Date "2022.10.11"]
[WhiteClock "0:00:11"]
[BlackClock "0:01:51"]

1. Nf3 g6 2. b3 Bg7 3. d4 Nf6 4. Bb2 O-O 5. g3 d5 6. Bg2 c6 7. O-O Bf5 8. c4 Nbd7 9. Nc3 Ne4 10. Nd2 Nxd2 11. Qxd2 dxc4 12. e4 Be6 13. d5 cxd5 14. exd5 Bf5 15. bxc4 Ne5 16. Qf4 Rc8 17. Rad1 Nd3 18. Rxd3 Bxd3 19. Re1 Rxc4 20. Qd2 Bf5 21. Nd1 Rc2 22. Qb4 Qb6 23. Qxb6 axb6 24. Bxg7 Kxg7 25. Ne3 Rc7 26. g4 Bd7 27. Rb1 b5 28. Bf1 Rfc8 29. Kg2 Rc5 30. Rb4 Ra8 31. Rb2 Ra4 32. h3 b4 33. Nc2 Rxd5 34. Nxb4 Rda5 35. Nd3 Rxa2 36. Rb4 Bc6+ 37. Kg3 R5a3 38. f3 f6 39. Rd4 Rd2 40. Kf4 e5+ 41. Ke3 exd4+ 42. Kxd2 Bxf3 43. Nb4 Bc6 44. h4 Rg3 45. Be2 g5 46. hxg5 fxg5 47. Nc2 d3 48. Bxd3 Rxg4 49. Ne3 Rf4 50. Bf5 h5 0-1


[Site "https://www.chess.com"]

[Event "Titled Tuesday Blitz October 11 Late 2022"]
[White "Fernandez Hernandez, Gerardo"]
[Black "Rubio Tent, Francisco"]
[WhiteFideId "2207400"]
[BlackFideId "2238233"]
[WhiteElo "2146"]
[BlackElo "2211"]
[Result "1/2-1/2"]
[Round "02"]
[TimeControl "180+1"]
[Date "2022.10.12"]
[WhiteClock "0:00:34"]
[BlackClock "0:00:18"]

1. e4 c6 2. d4 d5 3. exd5 cxd5 4. c4 Nf6 5. Nc3 Be6 6. c5 g6 7. Nf3 Bg4 8. h3 Bxf3 9. Qxf3 Bg7 10. Bb5+ Nc6 11. Be3 O-O 12. O-O e6 13. a3 Nd7 14. Rfd1 Qh4 15. Qg4 Qxg4 16. hxg4 a6 17. Be2 Nxc5 18. Nxd5 Nd7 19. Nc3 Nf6 20. Bf3 Rfd8 21. Rd2 Nd5 22. Nxd5 exd5 23. Rc1 Rac8 24. b4 h6 25. Rc5 Ne7 26. Kf1 b6 27. Rcc2 Rc4 28. Be2 Rcc8 29. Bf3 Rc4 30. Be2 Rcc8 31. Bf3 1/2-1/2


[Site "https://www.chess.com"]

[Event "Titled Tuesday Blitz October 11 Late 2022"]
[White "Floresvillar Gonzalez, Luis Migu"]
[Black "Meunier-Pion, Jean"]
[WhiteFideId "5100542"]
[BlackFideId "20685327"]
[WhiteElo "2040"]
[BlackElo "2124"]
[Result "0-1"]
[Round "02"]
[TimeControl "180+1"]
[Date "2022.10.12"]
[WhiteClock "0:00:02"]
[BlackClock "0:00:05"]

1. d4 d5 2. c3 Nf6 3. Bg5 Ne4 4. h4 Nxg5 5. hxg5 e5 6. dxe5 Qxg5 7. Nf3 Qd8 8. e4 Be6 9. exd5 Qxd5 10. Qxd5 Bxd5 11. Nbd2 Nc6 12. Bd3 O-O-O 13. Be4 Bxe4 14. Nxe4 Re8 15. O-O-O Nxe5 16. Nfg5 f6 17. Nh3 f5 18. Neg5 h6 19. f4 Ng4 20. Nf7 Rg8 21. Rhe1 Bc5 22. Ne5 Ne3 23. Rd2 g5 24. Rde2 gxf4 25. Nd3 Bd6 26. Nhxf4 Rg3 27. Kd2 Nc4+ 28. Kc2 Rxe2+ 29. Rxe2 c6 30. Ne6 Kd7 31. Nef4 h5 32. b3 Ne3+ 33. Kd2 Nf1+ 34. Ke1 Ne3 35. Kd2 Nd5 36. c4 Nxf4 37. Nxf4 Bxf4+ 38. Kc2 Bd6 39. Rf2 Rg5 40. Rf3 b6 41. Rh3 Ke6 0-1


[Site "https://www.chess.com"]

[Event "Titled Tuesday Blitz October 11 Late 2022"]
[White "Garmash, Aliona"]
[Black "Przybylski, Wojciech"]
[WhiteFideId "34127620"]
[BlackFideId "1117599"]
[WhiteElo "1980"]
[BlackElo "2221"]
[Result "0-1"]
[Round "02"]
[TimeControl "180+1"]
[Date "2022.10.12"]
[WhiteClock "0:00:03"]
[BlackClock "0:00:31"]

1. d4 d5 2. Nf3 Nf6 3. c4 e6 4. Nc3 Be7 5. Bf4 O-O 6. e3 Nbd7 7. c5 b6 8. b4 a5 9. a3 c6 10. Bd3 Ba6 11. O-O Bxd3 12. Qxd3 b5 13. Ne5 Nxe5 14. Bxe5 Nd7 15. e4 f6 16. Bg3 f5 17. exf5 exf5 18. Bf4 Bf6 19. h3 Re8 20. Rfe1 Nf8 21. Bd6 Ne6 22. Ne2 g6 23. f4 Ra7 24. Be5 Bh4 25. g3 Be7 26. Kg2 Qa8 27. Qc3 Kf7 28. Ng1 h6 29. Nf3 Ra6 30. Nd2 Qa7 31. Nb3 axb4 32. axb4 Ra4 33. Rxa4 bxa4 34. Na5 Qa6 35. Qa3 Qb5 0-1


[Site "https://www.chess.com"]

[Event "Titled Tuesday Blitz October 11 Late 2022"]
[White "Gasparyan, David"]
[Black "Shandrygin, Nikita"]
[WhiteFideId "13311980"]
[BlackFideId "24198668"]
[WhiteElo "2343"]
[BlackElo "2323"]
[Result "1-0"]
[Round "02"]
[TimeControl "180+1"]
[Date "2022.10.12"]
[WhiteClock "0:00:15"]
[BlackClock "0:00:06"]

1. d4 Nf6 2. Nf3 e6 3. e3 d5 4. Bd3 c5 5. c3 Nc6 6. O-O Be7 7. Nbd2 O-O 8. Qe2 Qb6 9. Re1 Bd7 10. Nf1 Ne4 11. Ng3 f5 12. Nd2 Rac8 13. Ndf1 Bd6 14. f3 Nxg3 15. Nxg3 f4 16. Nf1 fxe3 17. Bxe3 cxd4 18. cxd4 Nxd4 19. Bxh7+ Kxh7 20. Qd3+ Kg8 21. Bxd4 Bc5 22. Bxc5 Rxc5 23. Kh1 Rfc8 24. b3 Rc2 25. Ne3 Rb2 26. Ng4 Rcc2 27. Qg6 e5 28. Nh6+ Kh8 29. Nf7+ Kg8 30. Qxb6 axb6 31. Nxe5 Bh3 32. Nd3 Bxg2+ 33. Kg1 Rd2 34. Nxb2 Rxb2 35. Re3 Bh3 36. Rae1 Bf5 37. Re8+ Kh7 38. R8e2 Rxe2 39. Rxe2 d4 40. Rd2 d3 41. Kf2 Kg6 42. Ke3 Kf6 43. Kf4 g5+ 44. Ke3 Ke5 45. Rd1 b5 46. Rc1 b4 47. Rc7 d2 48. Kxd2 Kf4 49. Rxb7 Bb1 50. Rxb4+ Kxf3 51. a4 g4 52. a5 Be4 53. a6 Bc6 54. a7 1-0


[Site "https://www.chess.com"]

[Event "Titled Tuesday Blitz October 11 Late 2022"]
[White "Gatineau, Yovann"]
[Black "Ferreira, Vitor Hugo Vieira"]
[WhiteFideId "26028999"]
[BlackFideId "2119765"]
[WhiteElo "2275"]
[BlackElo "2168"]
[Result "1-0"]
[Round "02"]
[TimeControl "180+1"]
[Date "2022.10.12"]
[WhiteClock "0:00:36"]
[BlackClock "0:01:42"]

1. b4 e5 2. Bb2 Nf6 3. Bxe5 Bxb4 4. c3 Be7 5. Nf3 d5 6. e3 Nbd7 7. Bg3 Ne4 8. c4 Nxg3 9. hxg3 dxc4 10. Bxc4 O-O 11. Nc3 Bf6 12. Qc2 g6 13. Rc1 a6 14. Ne4 Be7 15. d4 Nb6 16. Bb3 Bf5 17. g4 Bxe4 18. Qxe4 c6 19. Ne5 Kg7 20. Nxf7 Rxf7 21. Bxf7 Kxf7 22. Rxh7+ Ke8 23. Qe6 Nd7 24. Qxg6+ Kf8 25. Rh8# 1-0


[Site "https://www.chess.com"]

[Event "Titled Tuesday Blitz October 11 Late 2022"]
[White "Gilmanov, Mansur"]
[Black "Tarasova, Viktoriya"]
[WhiteFideId "4166868"]
[BlackFideId "4175840"]
[WhiteElo "2377"]
[BlackElo "2182"]
[Result "1/2-1/2"]
[Round "02"]
[TimeControl "180+1"]
[Date "2022.10.12"]
[WhiteClock "0:00:10"]
[BlackClock "0:00:07"]

1. d4 Nf6 2. Bg5 d5 3. Bxf6 gxf6 4. e3 e5 5. Nf3 Bd6 6. c4 c6 7. Nc3 e4 8. Nd2 Be6 9. cxd5 cxd5 10. Nb5 O-O 11. Nxd6 Qxd6 12. Qb3 b6 13. Rc1 Nc6 14. Be2 Kh8 15. Qa3 Qxa3 16. bxa3 Na5 17. Nb3 Nc4 18. Bxc4 dxc4 19. Nd2 f5 20. Nb1 Rfc8 21. Nc3 a6 22. Kd2 b5 23. Rhg1 Kg7 24. f3 exf3 25. gxf3+ Kf6 26. e4 Rab8 27. e5+ Ke7 28. Ke3 a5 29. d5 Bd7 30. Rg7 b4 31. e6 Bxe6 32. dxe6 bxc3 33. exf7 Rb2 34. Rxh7 Rf8 35. Kd4 Rxa2 36. Kxc3 Rxf7 37. Re1+ Kf6 38. Rh6+ Kg7 39. Ra6 Rxa3+ 40. Kxc4 Rc7+ 41. Kd5 Rd3+ 42. Ke6 Rb7 43. Rg1+ Kh7 44. Kf6 Rd8 45. Kxf5 Rf8+ 46. Ke4 Re7+ 47. Kd5 Rxf3 48. Rd6 Rd3+ 49. Kc6 Rxd6+ 50. Kxd6 Ra7 51. Ra1 a4 52. Ra3 Ra6+ 53. Kc5 Rh6 54. h3 Rh4 55. Kd5 Kh6 56. Ke5 Kh5 57. Kf5 Rb4 58. Rc3 Kh4 59. Rc8 Rb5+ 60. Kf4 Rb4+ 61. Kf3 Rb3+ 62. Kg2 Rb2+ 63. Kf3 Rb3+ 64. Ke2 Rb2+ 65. Kd3 Rb3+ 66. Kc2 Kxh3 67. Ra8 Rb4 68. Kc3 Rf4 69. Kb2 Kg4 70. Ka3 Kf3 71. Rxa4 Rxa4+ 72. Kxa4 1/2-1/2


[Site "https://www.chess.com"]

[Event "Titled Tuesday Blitz October 11 Late 2022"]
[White "Girel, Joseph"]
[Black "Yi, Richard"]
[WhiteFideId "36033561"]
[BlackFideId "2079518"]
[WhiteElo "2281"]
[BlackElo "2147"]
[Result "1-0"]
[Round "02"]
[TimeControl "180+1"]
[Date "2022.10.12"]
[WhiteClock "0:01:14"]
[BlackClock "0:00:07"]

1. e4 e5 2. Nf3 Nc6 3. Bc4 Bc5 4. c3 Nf6 5. d4 exd4 6. b4 Bb6 7. e5 d5 8. exf6 dxc4 9. Qe2+ Be6 10. b5 Na5 11. fxg7 Rg8 12. Bg5 Qd5 13. Bf6 d3 14. Qe5 c6 15. Nbd2 cxb5 16. Ne4 Nc6 17. Qf4 Bc5 18. Bh4 Be7 19. Bxe7 Kxe7 20. Qh4+ f6 21. Nxf6 d2+ 22. Nxd2 Qxg2 23. Nxg8+ Kf7 24. Nh6+ Ke8 25. Qe4 Qxe4+ 26. Nxe4 Ke7 27. Rg1 Ne5 28. O-O-O Ng6 29. Ng5 Bg8 30. h4 a5 31. Rge1+ Kf6 32. Rd7 Ne5 33. Rd6+ Kxg7 34. Rxe5 b4 35. Re7+ Kh8 36. Rdd7 1-0


[Site "https://www.chess.com"]

[Event "Titled Tuesday Blitz October 11 Late 2022"]
[White "Godzwon, Iwo"]
[Black "Indjic, Aleksandar"]
[WhiteFideId "21802483"]
[BlackFideId "911925"]
[WhiteElo "2284"]
[BlackElo "2592"]
[Result "0-1"]
[Round "02"]
[TimeControl "180+1"]
[Date "2022.10.11"]
[WhiteClock "0:00:24"]
[BlackClock "0:00:56"]

1. e4 e5 2. Nf3 Nc6 3. Bb5 a6 4. Ba4 Bc5 5. O-O d6 6. c3 Ba7 7. d4 Bd7 8. Be3 Nge7 9. Nbd2 O-O 10. Re1 Ng6 11. Nf1 Nh4 12. Nxh4 Qxh4 13. d5 Nb8 14. Bxd7 Nxd7 15. Bxa7 Rxa7 16. Ng3 g6 17. Qd2 Raa8 18. b4 a5 19. a3 h5 20. c4 b6 21. f3 Ra7 22. Ne2 Rfa8 23. Nc3 axb4 24. Nb5 Ra4 25. Nxc7 R8a5 26. Nb5 Nc5 27. Re3 Qg5 28. Qe2 bxa3 29. Ra2 Rb4 30. Raxa3 Rbxb5 31. h4 Qh6 0-1


[Site "https://www.chess.com"]

[Event "Titled Tuesday Blitz October 11 Late 2022"]
[White "Gonzalez, Francisco Silva"]
[Black "Iliaguev, Nisim"]
[WhiteFideId "1512285"]
[BlackFideId "2817276"]
[WhiteElo "2159"]
[BlackElo "2264"]
[Result "0-1"]
[Round "02"]
[TimeControl "180+1"]
[Date "2022.10.12"]
[WhiteClock "0:01:02"]
[BlackClock "0:01:01"]

1. d4 Nf6 2. c4 e6 3. Nc3 Bb4 4. a3 Bxc3+ 5. bxc3 O-O 6. e3 b6 7. Bd3 Ba6 8. e4 d6 9. Nf3 e5 10. O-O Nbd7 11. h3 h6 12. Be3 Qe7 13. Nd2 Rfe8 14. f4 exf4 15. Bxf4 Rad8 16. Qf3 Nh7 17. Qh5 Ndf6 18. Qf3 Bb7 19. Rae1 Nd7 20. Qh5 Ne5 21. Bc2 Ng6 22. Bg3 Qg5 23. Qxg5 Nxg5 24. h4 Ne6 25. h5 Ngf8 26. Rf5 Ng5 27. Bh4 Nfh7 28. Kf2 Re7 29. Kg3 Rde8 30. Kf4 f6 31. c5 dxc5 32. dxc5 Ne6+ 33. Kg3 Nxc5 34. Rxc5 bxc5 35. Bb3+ Kh8 36. Bc2 Ng5 37. Bxg5 fxg5 38. Rb1 Bc6 39. Kf3 Rd8 40. Ke3 g4 41. Nb3 Re5 42. Kf4 Rxh5 43. Kxg4 Rg5+ 44. Kf3 Rf8+ 45. Ke3 Rg3+ 46. Ke2 Rxg2+ 47. Kd3 Rxc2 48. Nxc5 Ra2 49. Rb3 h5 50. Kd4 h4 51. c4 Rh2 52. e5 h3 53. e6 Rd2+ 54. Ke3 h2 55. Kxd2 h1=Q 56. Re3 Rd8+ 57. Nd3 Ba4 58. e7 Qd1+ 59. Kc3 Rxd3+ 60. Rxd3 Qe1+ 61. Kd4 Qxe7 62. Rh3+ Kg8 63. Re3 Qxe3+ 64. Kxe3 Kf7 65. Ke4 Ke6 66. Kf4 Kd6 67. c5+ Kc6 68. Kf5 Kxc5 69. Kg6 Kd4 70. Kxg7 c5 71. Kf7 c4 72. Ke7 c3 73. Kd6 c2 74. Kc7 c1=Q+ 75. Kb7 Qxa3 76. Ka6 Bd1+ 77. Kb5 a5 78. Ka6 Qb4 79. Ka7 a4 80. Ka8 a3 81. Ka7 a2 82. Ka8 a1=Q# 0-1


[Site "https://www.chess.com"]

[Event "Titled Tuesday Blitz October 11 Late 2022"]
[White "Gorodetzky, David"]
[Black "Rosen, Eric"]
[WhiteFideId "2813416"]
[BlackFideId "2032562"]
[WhiteElo "2487"]
[BlackElo "2362"]
[Result "1-0"]
[Round "02"]
[TimeControl "180+1"]
[Date "2022.10.11"]
[WhiteClock "0:01:15"]
[BlackClock "0:00:05"]

1. d4 d5 2. Nf3 Nf6 3. Bf4 c5 4. e3 Nc6 5. Nbd2 cxd4 6. exd4 Bf5 7. c3 e6 8. Qb3 Bd6 9. Qxb7 Bxf4 10. Qxc6+ Kf8 11. Ne5 Rb8 12. Qc5+ Ke8 13. Bb5+ Rxb5 14. Qxb5+ Kf8 15. Qc5+ Kg8 16. Qxa7 Bxd2+ 17. Kxd2 Ne4+ 18. Ke3 Nd6 19. Qd7 Qb8 20. b3 f6 21. Nc6 Qf8 22. Ne7+ 1-0


[Site "https://www.chess.com"]

[Event "Titled Tuesday Blitz October 11 Late 2022"]
[White "Gubajdullin, Alexei"]
[Black "Prieto Aranguren, Alain"]
[WhiteFideId "4141202"]
[BlackFideId "2268906"]
[WhiteElo "2200"]
[BlackElo "2209"]
[Result "1-0"]
[Round "02"]
[TimeControl "180+1"]
[Date "2022.10.12"]
[WhiteClock "0:00:04"]
[BlackClock "0:00:01"]

1. d4 g6 2. Nf3 Bg7 3. Bf4 c5 4. e3 Qb6 5. Nbd2 Nc6 6. Nc4 Qd8 7. dxc5 b5 8. cxb6 axb6 9. c3 b5 10. Nce5 Nxe5 11. Bxe5 Bxe5 12. Nxe5 Qa5 13. Qd5 e6 14. Qxb5 Ne7 15. Nc4 Qc7 16. Qb6 Qxb6 17. Nxb6 Rb8 18. Nxc8 Nxc8 19. O-O-O d5 20. h4 Nd6 21. h5 Ke7 22. Bd3 Rhc8 23. Rd2 Rc5 24. a3 Kf6 25. hxg6 hxg6 26. Rh4 e5 27. Rb4 Rbc8 28. Rb6 Ke7 29. Kb1 e4 30. Be2 f5 31. g3 Kd7 32. Rb4 Ke6 33. Rbd4 g5 34. Ka2 Ke5 35. Bd1 Nc4 36. Re2 Rb8 37. Bb3 Na5 38. Ba4 Nc4 39. Bb3 Na5 40. Bd1 Nc4 41. Rc2 Rcb5 42. Ka1 Nxb2 43. Be2 Rb3 44. Rb4 Nc4 45. Rxb8 Rxb8 46. Bxc4 dxc4 47. Rb2 Ra8 48. Ka2 Kd5 49. Rb5+ Ke6 50. Rb6+ Ke5 51. Rb4 Rd8 52. Rb2 Rd3 53. Rc2 Kd5 54. a4 Kc5 55. Ka3 Rd1 56. Ra2 Rc1 57. Kb2 Rf1 58. Ka3 Rc1 59. a5 Rxc3+ 60. Kb2 Rb3+ 61. Kc2 Rb7 62. a6 Ra7 63. Kc3 Kb5 64. Rb2+ Kc5 65. Ra2 Kb5 66. Ra1 Kc5 67. Ra4 Kb5 68. Rb4+ 1-0


[Site "https://www.chess.com"]

[Event "Titled Tuesday Blitz October 11 Late 2022"]
[White "Hajiyev, Kanan"]
[Black "Haszon, David"]
[WhiteFideId "13404148"]
[BlackFideId "733610"]
[WhiteElo "2118"]
[BlackElo "2211"]
[Result "1/2-1/2"]
[Round "02"]
[TimeControl "180+1"]
[Date "2022.10.12"]
[WhiteClock "0:00:07"]
[BlackClock "0:00:14"]

1. d4 Nf6 2. Nf3 e6 3. c4 d5 4. cxd5 exd5 5. Nc3 c6 6. Bg5 Be7 7. Qc2 g6 8. e3 Bf5 9. Bd3 Bxd3 10. Qxd3 O-O 11. O-O Nbd7 12. Rab1 Re8 13. Qc2 Nh5 14. Bxe7 Qxe7 15. b4 a6 16. a4 Qd6 17. b5 c5 18. dxc5 Qxc5 19. Qb3 Nhf6 20. Rfd1 axb5 21. Nxb5 Rec8 22. h3 b6 23. Qb4 Qxb4 24. Rxb4 Nc5 25. Nd6 Rc6 26. Nb5 Rxa4 27. Rxa4 Nxa4 28. Nfd4 Rc5 29. Rb1 Ne4 30. Ra1 Nac3 31. Nxc3 Rxc3 32. Ra8+ Kg7 33. g4 Rc1+ 34. Kg2 Rb1 35. f3 Rb2+ 36. Kg1 Ng5 37. h4 Ne6 38. Nxe6+ fxe6 39. g5 Re2 40. Rb8 Rxe3 41. Rxb6 Rxf3 42. Rxe6 Rf4 43. Re7+ Kg8 44. Rd7 d4 45. h5 gxh5 46. Kg2 Rg4+ 47. Kh3 Re4 48. Kg3 Kh8 49. Kf3 Rg4 50. Rd8+ Kg7 51. Rd6 Rh4 52. Kg3 Re4 53. Kf3 Re3+ 54. Kf4 Rd3 55. Ke4 Rg3 56. Kxd4 Rxg5 57. Ke4 Rg1 58. Kf4 h4 59. Rd3 Kg6 60. Rd6+ Kh5 61. Rd5+ Kg6 62. Rd6+ Kg7 63. Rd7+ Kg6 64. Rd6+ 1/2-1/2


[Site "https://www.chess.com"]

[Event "Titled Tuesday Blitz October 11 Late 2022"]
[White "Hansen, Eric"]
[Black "Sourath Biswas"]
[WhiteFideId "2606771"]
[BlackFideId "35091484"]
[WhiteElo "2568"]
[BlackElo "2164"]
[Result "1-0"]
[Round "02"]
[TimeControl "180+1"]
[Date "2022.10.11"]
[WhiteClock "0:00:53"]
[BlackClock "0:00:02"]

1. d4 Nf6 2. Nf3 g6 3. c4 Bg7 4. Nc3 O-O 5. e4 d6 6. h3 c5 7. d5 e6 8. Bd3 a6 9. a4 Nbd7 10. O-O e5 11. Ne2 Nh5 12. g4 Nf4 13. Nxf4 exf4 14. Bxf4 Qe7 15. b3 Bxa1 16. Qxa1 f6 17. Be2 Ne5 18. Nd2 h5 19. Bh6 Rf7 20. f4 Nd7 21. g5 Rh7 22. Rf3 Qf7 23. Rg3 Nf8 24. f5 fxg5 25. Bxg5 Qg7 26. Bf6 Qf7 27. Nf3 Rh6 28. Ng5 Qe8 29. Bc3 Nh7 30. Ne6 Bd7 31. Bg7 Qf8 1-0


[Site "https://www.chess.com"]

[Event "Titled Tuesday Blitz October 11 Late 2022"]
[White "Hemam, Moulaye Brahim"]
[Black "Dardha, Arben"]
[WhiteFideId "19600054"]
[BlackFideId "4700481"]
[WhiteElo "2088"]
[BlackElo "2196"]
[Result "0-1"]
[Round "02"]
[TimeControl "180+1"]
[Date "2022.10.12"]
[WhiteClock "0:00:20"]
[BlackClock "0:00:53"]

1. e4 c5 2. Nf3 Nc6 3. Nc3 Nf6 4. d3 e5 5. g3 d5 6. exd5 Nxd5 7. h3 Be7 8. Bg2 Nxc3 9. bxc3 O-O 10. O-O f5 11. Re1 Bf6 12. Bb2 Qc7 13. Rb1 Be6 14. Qe2 Bxa2 15. Ra1 Bd5 16. Rab1 e4 17. Nd2 exd3 18. Bxd5+ Kh8 19. Qxd3 Rad8 20. c4 Nd4 21. Nf3 b5 22. Nxd4 bxc4 23. Bxc4 Bxd4 24. Bxd4 Rxd4 25. Qe2 f4 26. g4 f3 27. Qe6 Qf4 28. Bf1 h5 29. Rb7 hxg4 30. Qg6 Qf6 31. Qh5+ Kg8 32. hxg4 Qf4 33. Bh3 Rd2 34. Qxc5 Qh6 35. Qc4+ Kh8 36. Qb4 Rfd8 37. Bf1 Qh4 38. Qc5 Qxg4+ 39. Kh1 R2d5 40. Qxd5 Rxd5 41. Re8+ Kh7 42. Rbb8 Qh4+ 43. Kg1 Rg5+ 44. Bg2 Rxg2+ 0-1


[Site "https://www.chess.com"]